[Event "*** SCC Grand Prix: Titled Tuesday Blitz"]
[Site "Chess.com"]
[Date "2020.06.23"]
[Round "1"]
[White "LiverpooL174"]
[Black "dopolian"]
[Result "0-1"]
[WhiteElo "2669"]
[BlackElo "2365"]
[TimeControl "180+1"]
[EndTime "10:00:56 PDT"]
[Termination "dopolian won by resignation"]

1. Nf3 Nf6 2. b3 g6 3. Bb2 Bg7 4. g3 O-O 5. Bg2 d6 6. d4 Nc6 7.
O-O e5 8. dxe5 Ng4 9. c4 Ngxe5 10.
Nc3 Bg4 11. Nxe5 dxe5 12. Qd2 Qxd2 0-1

[Event "*** SCC Grand Prix: Titled Tuesday Blitz"]
[Site "Chess.com"]
[Date "2020.06.23"]
[Round "1"]
[White "Bastiandash"]
[Black "iaraldinho"]
[Result "0-1"]
[WhiteElo "2215"]
[BlackElo "2563"]
[TimeControl "180+1"]
[EndTime "10:01:40 PDT"]
[Termination "iaraldinho won by resignation"]

1. d4 f5 2. Nf3 Nf6 3. c3 g6 4. Bg5 Bg7 5. Nbd2 O-O 6. Bxf6 Bxf6 7.
e4 fxe4 8. Nxe4 Bg7 9. Bd3 d5 10. Ned2 c5 11. Qe2 Nc6 12. dxc5 e5 13. Bb5 e4 14.
Nd4 Bxd4 15. cxd4 Nxd4 16. Qf1 e3 17. Nf3 Qa5+ 0-1

[Event "*** SCC Grand Prix: Titled Tuesday Blitz"]
[Site "Chess.com"]
[Date "2020.06.23"]
[Round "1"]
[White "BabyFacedAssasin"]
[Black "RitvarsReimanis"]
[Result "0-1"]
[WhiteElo "2206"]
[BlackElo "2557"]
[TimeControl "180+1"]
[EndTime "10:02:01 PDT"]
[Termination "RitvarsReimanis won by resignation"]

1. e4 c5 2. Nf3 Nc6 3. Bb5 g6 4. Bxc6 dxc6 5. d3 Bg7 6. h3 b6 7. O-O Nf6 8. a4 a5 9. Nc3 Nd7 10. Nh2 e5 11. f4 exf4 12. Bxf4 Nf8 13. Ng4 h5 14. Be5 Bxe5 15. Nxe5 Qd4+ 0-1

[Event "*** SCC Grand Prix: Titled Tuesday Blitz"]
[Site "Chess.com"]
[Date "2020.06.23"]
[Round "1"]
[White "MasterKroket"]
[Black "LittlePeasant"]
[Result "1-0"]
[WhiteElo "2423"]
[BlackElo "2789"]
[TimeControl "180+1"]
[EndTime "10:02:23 PDT"]
[Termination "MasterKroket won by resignation"]

1. d4 Nf6 2. c4 e6 3. Nf3 d5 4. Nc3 dxc4 5. Bg5 a6 6. e4 b5 7. e5 h6 8. Bh4 g5 9. Nxg5 hxg5 10. Bxg5 Be7 11. exf6 Bxf6 12. Qf3 Bxg5 13. Qxa8 Qxd4 14.
Rd1 Qb6 15. Be2 Ke7 16. Qe4 Nd7 17. Nd5+ 1-0

[Event "*** SCC Grand Prix: Titled Tuesday Blitz"]
[Site "Chess.com"]
[Date "2020.06.23"]
[Round "1"]
[White "Mourinho_Jose"]
[Black "biaf13"]
[Result "1-0"]
[WhiteElo "2490"]
[BlackElo "2007"]
[TimeControl "180+1"]
[EndTime "10:02:36 PDT"]
[Termination "Mourinho_Jose won by resignation"]

1. Nf3 Nf6 2. c4 c5 3. Nc3 Nc6 4. d4 cxd4 5. Nxd4 d6 6. g3 a6 7. Bg2 Bd7 8. Nc2 Rc8 9. b3 e6 10. Bb2 Be7 11. O-O O-O 12. e4 Qc7 13. Ne3 Rfd8 14.
Rc1 Be8 15. Ncd5 Qb8 16. Nxe7+ Nxe7 17. Bxf6 gxf6 18. Ng4 f5 19. exf5 Nxf5 20. Nf6+ Kh8 21. Qh5 h6 22. g4 Kg7 23. Nxe8+ 1-0

[Event "*** SCC Grand Prix: Titled Tuesday Blitz"]
[Site "Chess.com"]
[Date "2020.06.23"]
[Round "1"]
[White "BocharovD"]
[Black "Andrii_Prydun"]
[Result "1-0"]
[WhiteElo "2740"]
[BlackElo "2386"]
[TimeControl "180+1"]
[EndTime "10:02:40 PDT"]
[Termination "BocharovD won by resignation"]

1. c4 d5 2. cxd5 Qxd5 3. Nc3 Qd8 4. d4 g6 5. Nf3 Bg7 6. e4 Bg4 7. Be3 Nc6 8. Bb5 Nf6 9. d5 O-O 10. dxc6 Qc8 11. O-O a6 12. Be2 bxc6 13. Qc2 Rd8 14. Rfd1 Rb8 15. Rxd8+ Qxd8 16. Rd1 Qc8 17. Ne5 Bxe2 18.
Qxe2 Nxe4 19. Nxc6 1-0

[Event "*** SCC Grand Prix: Titled Tuesday Blitz"]
[Site "Chess.com"]
[Date "2020.06.23"]
[Round "1"]
[White "emperor87"]
[Black "colegiodemadrid"]
[Result "1-0"]
[WhiteElo "2722"]
[BlackElo "2374"]
[TimeControl "180+1"]
[EndTime "10:02:43 PDT"]
[Termination "emperor87 won by resignation"]

1. e4 e5 2. Nf3 Nc6 3. Bc4 Nf6 4. d3 h6 5. Nc3 g5 6. Be3 Bg7 7. h3 O-O 8. Qd2 d6 9. Nd5 Nxd5 10. Bxd5 Ne7 11. Bb3 a5 12. a3 d5 13. exd5 Nxd5 14.
O-O-O a4 15. Ba2 Be6 16. Kb1 Qd6 17. h4 g4 18. Bxh6 Bxh6 19. Qxh6 Nc3+ 20. Ka1 gxf3 21. gxf3 Bf5 22. Rdg1+ Bg6 23. Rxg6+ 1-0

[Event "*** SCC Grand Prix: Titled Tuesday Blitz"]
[Site "Chess.com"]
[Date "2020.06.23"]
[Round "1"]
[White "j2806"]
[Black "petrkostenko"]
[Result "0-1"]
[WhiteElo "2058"]
[BlackElo "2504"]
[TimeControl "180+1"]
[EndTime "10:02:52 PDT"]
[Termination "petrkostenko won by resignation"]

1. e4 e6 2. d4 d5 3. exd5 exd5 4. Bd3 c5 5. dxc5 Bxc5 6. Nf3 Nf6 7. h3 O-O 8. O-O Nc6 9. Nc3 h6 10. Bf4 Re8 11. Ne2 Ne4 12. c3 Qb6 13. Ned4 Qxb2 14.
Nxc6 Nxf2 0-1

[Event "*** SCC Grand Prix: Titled Tuesday Blitz"]
[Site "Chess.com"]
[Date "2020.06.23"]
[Round "1"]
[White "ChessArchitect64"]
[Black "IM_Tissir"]
[Result "0-1"]
[WhiteElo "1877"]
[BlackElo "2475"]
[TimeControl "180+1"]
[EndTime "10:02:53 PDT"]
[Termination "IM_Tissir won by resignation"]

1. d4 Nf6 2. Nf3 g6 3. e3 Bg7 4. Bd3 O-O 5. O-O d6 6. c4 Nbd7 7. Nc3 e5 8. dxe5 dxe5 9. Be2 c6 10. b3 e4 11. Nd4 Ne5 12. Bb2 Re8 13. Qc2 Nd3 14.
Ba3 c5 15. Ndb5 a6 16. Nxe4 axb5 17. Bxd3 Nxe4 18. Bxe4 Rxa3 0-1

[Event "*** SCC Grand Prix: Titled Tuesday Blitz"]
[Site "Chess.com"]
[Date "2020.06.23"]
[Round "1"]
[White "Yoshikrov"]
[Black "pooh2012"]
[Result "0-1"]
[WhiteElo "2000"]
[BlackElo "2490"]
[TimeControl "180+1"]
[EndTime "10:03:04 PDT"]
[Termination "pooh2012 won by resignation"]

1. e4 c6 2. c4 d5 3. exd5 cxd5 4. cxd5 Nf6 5. Qa4+ Nbd7 6. Qb3 g6 7. Nc3 Bg7 8. Nf3 O-O 9. d4 Nb6 10. Bc4 a6 11.
O-O Nxc4 12. Qxc4 b5 13. Qb3 Bb7 14. Bg5 Nxd5 15. Rad1 h6 16. Bh4 Nf4 17. d5 Qd7 18. Bg3 Bxc3 19. Qxc3 Ne2+ 0-1

[Event "*** SCC Grand Prix: Titled Tuesday Blitz"]
[Site "Chess.com"]
[Date "2020.06.23"]
[Round "1"]
[White "Xeslu"]
[Black "Shahinyan_ChessMood"]
[Result "0-1"]
[WhiteElo "2277"]
[BlackElo "2608"]
[TimeControl "180+1"]
[EndTime "10:03:11 PDT"]
[Termination "Shahinyan_ChessMood won by resignation"]

1. e4 e6 2. d4 d5 3. Nd2 Nc6 4. Ngf3 Nf6 5. Bb5 dxe4 6. Bxc6+ bxc6 7. Ng5 Qxd4 8. Qe2 e3 9. Qxe3 Qxe3+ 10. fxe3 Ba6 11.
Nde4 Be7 12. Bd2 h6 13. Nxf6+ Bxf6 14. Ne4 Bxb2 15. Rb1 Be5 16. Nc5 Bc4 17. Nd3 Bxa2 18. Rb7 Bd6 19. Bc3 O-O 20. Be5 Rfb8 21. Rxb8+ Rxb8 0-1

[Event "*** SCC Grand Prix: Titled Tuesday Blitz"]
[Site "Chess.com"]
[Date "2020.06.23"]
[Round "1"]
[White "grandcoach"]
[Black "pastouche06"]
[Result "1/2-1/2"]
[WhiteElo "2088"]
[BlackElo "2496"]
[TimeControl "180+1"]
[EndTime "10:03:12 PDT"]
[Termination "Game drawn by agreement"]

1. e4 c6 2. d4 d5 3. e5 Bf5 4.
Nf3 e6 5. Be2 Ne7 6. O-O Ng6 7.
Nbd2 Nf4 8. Nb3 Nxe2+ 9. Qxe2 Be7 10. Bd2 O-O 11. a4 Nd7 12. Rfc1 Rc8 13. a5 c5 14. dxc5 Nxc5 15. Nfd4 Bg6 16. Nxc5 Bxc5 17. c3 Bxd4 18. cxd4 Qd7 19. Bb4 Rxc1+ 20. Rxc1 Rc8 21. Rxc8+ Qxc8 1/2-1/2

[Event "*** SCC Grand Prix: Titled Tuesday Blitz"]
[Site "Chess.com"]
[Date "2020.06.23"]
[Round "1"]
[White "BogdanBelyakov89"]
[Black "ViktoriyaTarasova"]
[Result "1-0"]
[WhiteElo "2584"]
[BlackElo "2251"]
[TimeControl "180+1"]
[EndTime "10:03:17 PDT"]
[Termination "BogdanBelyakov89 won by resignation"]

1. e4 e5 2. Nf3 Nc6 3. Nc3 Nf6 4. Be2 Bc5 5. Nxe5 Nxe5 6. d4 Bb4 7. dxe5 Nxe4 8.
Qd4 Bxc3+ 9. bxc3 Ng5 10. Ba3 Ne6 11. Qd5 Qg5 12. g3 Rb8 13. f4 Qh6 14. O-O f6 15.
Rad1 b6 16. f5 Ng5 17. Bb5 Nh3+ 18. Kg2 Bb7 19. Bxd7+ Kd8 20. Bc6+ 1-0

[Event "*** SCC Grand Prix: Titled Tuesday Blitz"]
[Site "Chess.com"]
[Date "2020.06.23"]
[Round "1"]
[White "blitzking1729"]
[Black "MacDaddyMac"]
[Result "1-0"]
[WhiteElo "2586"]
[BlackElo "2254"]
[TimeControl "180+1"]
[EndTime "10:03:18 PDT"]
[Termination "blitzking1729 won by resignation"]

1. d4 Nf6 2. Bg5 d5 3. Nd2 b6 4. e3 Bb7 5. Bd3 Nbd7 6. c3 h6 7.
Bh4 e6 8. f4 Be7 9. Qf3 c5 10.
Nh3 Ne4 11. Bxe7 Nxd2 12. Bxd8 Nxf3+ 13. gxf3 Rxd8 14. Rg1 g6 15. Nf2 cxd4 16. cxd4 Rc8 17. Kd2 Ke7 18. Rac1 Nf6 19. a4 Nh5 20. a5 bxa5 21.
Ra1 Rc6 22. Rxa5 Rb6 23. Rb1 a6 24. Nd1 Rc8 25. Rba1 Rc5 26. dxc5 1-0

[Event "*** SCC Grand Prix: Titled Tuesday Blitz"]
[Site "Chess.com"]
[Date "2020.06.23"]
[Round "1"]
[White "elamier"]
[Black "Joshukid"]
[Result "0-1"]
[WhiteElo "2303"]
[BlackElo "2616"]
[TimeControl "180+1"]
[EndTime "10:03:25 PDT"]
[Termination "Joshukid won by resignation"]

1. d4 Nf6 2. Bg5 d5 3. Bxf6 exf6 4. e3 Bd6 5. c4 dxc4 6. Bxc4 O-O 7. Nc3 c6 8. Bb3 f5 9. Qf3 Qa5 10. Ne2 Be6 11. Bxe6 fxe6 12. O-O e5 13. e4 exd4 14. Nxd4 Qe5 15. Qh3 Qxd4 16. Rad1 Qe5 17. f4 Bc5+ 18. Kh1 Qe6 19. e5 Na6 20. Qh4 Be7 21. Qh5 Rad8 0-1

[Event "*** SCC Grand Prix: Titled Tuesday Blitz"]
[Site "Chess.com"]
[Date "2020.06.23"]
[Round "1"]
[White "zaur-mammadov"]
[Black "Bubar"]
[Result "1-0"]
[WhiteElo "2601"]
[BlackElo "2262"]
[TimeControl "180+1"]
[EndTime "10:03:29 PDT"]
[Termination "zaur-mammadov won by resignation"]

1. e4 e6 2. d4 d5 3. e5 c5 4. c3 Nc6 5. Nf3 Qb6 6. Na3 cxd4 7. cxd4 Nh6 8. Nc2 Nf5 9. Bd3 Bd7 10. O-O Be7 11. g4 Nh4 12. Nxh4 Bxh4 13. g5 h6 14. Qh5 Nxd4 15. Be3 Bxg5 16. Bxd4 Qd8 17. f4 Be7 18. Ne3 g6 19. Qh3 Qa5 20. Rac1 b6 21. Ng4 Bc5 22. Nf6+ Ke7 23. Bxc5+ bxc5 24. Qh4 g5 25. fxg5 Qd2 26.
g6 Qg5+ 27. Qxg5 hxg5 28. g7 c4 29. gxh8=Q 1-0

[Event "*** SCC Grand Prix: Titled Tuesday Blitz"]
[Site "Chess.com"]
[Date "2020.06.23"]
[Round "1"]
[White "lilleper1"]
[Black "Belka1989"]
[Result "1-0"]
[WhiteElo "2697"]
[BlackElo "2353"]
[TimeControl "180+1"]
[EndTime "10:03:33 PDT"]
[Termination "lilleper1 won by resignation"]

1. d4 Nf6 2. c4 e5 3. dxe5 Ng4 4. Nf3 Bc5 5. e3 Nc6 6. Be2 O-O 7. O-O Re8 8. Nc3 Ngxe5 9. Nxe5 Nxe5 10. b3 a5 11. Bb2 Ra6 12. Ne4 Ba7 13. c5 Rh6 14. h3 Qh4 15. Ng3 d6 16. cxd6 Bxh3 17. Bxe5 Bxg2 18. Kxg2 Qh5 19. Bxh5 1-0

[Event "*** SCC Grand Prix: Titled Tuesday Blitz"]
[Site "Chess.com"]
[Date "2020.06.23"]
[Round "1"]
[White "AttilaTurzo"]
[Black "Chessy222222"]
[Result "1/2-1/2"]
[WhiteElo "2507"]
[BlackElo "2129"]
[TimeControl "180+1"]
[EndTime "10:03:35 PDT"]
[Termination "Game drawn by repetition"]

1. e4 e5 2. Nf3 Nc6 3. Bb5 a6 4. Ba4 d6 5. O-O Bg4 6. h3 h5 7. c3 Qf6 8. d3 Ne7 9. Nbd2 Ng6 10. Qe1 Nf4 11. Qe3 Bxh3 12. Ne1 Qg6 13. Qf3 Bg4 14. Qe3 Bh3 15. Qf3 Bg4 16. Qe3 Bh3 1/2-1/2

[Event "*** SCC Grand Prix: Titled Tuesday Blitz"]
[Site "Chess.com"]
[Date "2020.06.23"]
[Round "1"]
[White "Irina_Barchuk"]
[Black "Roman_Ovetchkin"]
[Result "0-1"]
[WhiteElo "2199"]
[BlackElo "2552"]
[TimeControl "180+1"]
[EndTime "10:03:43 PDT"]
[Termination "Roman_Ovetchkin won by resignation"]

1. e4 c6 2. d4 d5 3. e5 Bf5 4.
Nf3 e6 5. Be2 Nd7 6. O-O Bg6 7.
c4 dxc4 8. Bxc4 Ne7 9. Nc3 Nd5 10. Nxd5 cxd5 11. Bd3 Bh5 12. h3 Be7 13. b3 O-O 14. g4 Bg6 15. Bxg6 fxg6 16. g5 Qb6 17. Be3 Nb8 18. h4 Nc6 19. Qd2 Rxf3 0-1

[Event "*** SCC Grand Prix: Titled Tuesday Blitz"]
[Site "Chess.com"]
[Date "2020.06.23"]
[Round "1"]
[White "Ural_bogatyr"]
[Black "NewBornNow"]
[Result "0-1"]
[WhiteElo "2351"]
[BlackElo "2694"]
[TimeControl "180+1"]
[EndTime "10:03:48 PDT"]
[Termination "NewBornNow won by resignation"]

1. e4 c5 2. Nf3 e6 3. c3 Nf6 4. e5 Nd5 5. d4 cxd4 6. Qxd4 Nc6 7. Qe4 f5 8. exf6 Nxf6 9. Qh4 Be7 10. Bd3 e5 11. Bg6+ Kf8 12. Bc2 d5 13. Qa4 e4 14.
Nd4 Bd7 15. Nxc6 Bxc6 16. Qb3 Bd6 17. Bg5 Qe7 18. Nd2 h6 19. Bh4 g5 20. Bg3 Bxg3 21. hxg3 e3 22. Nf1 exf2+ 23. Kxf2 Ng4+ 24. Kg1 Qc5+ 0-1

[Event "*** SCC Grand Prix: Titled Tuesday Blitz"]
[Site "Chess.com"]
[Date "2020.06.23"]
[Round "1"]
[White "Kavyev_Ruslan"]
[Black "H3nriqueTV"]
[Result "1/2-1/2"]
[WhiteElo "2539"]
[BlackElo "2200"]
[TimeControl "180+1"]
[EndTime "10:03:49 PDT"]
[Termination "Game drawn by agreement"]

1. d4 d5 2. c4 c6 3. Nf3 Nf6 4. g3 Bf5 5. Nc3 e6 6. Nh4 Bg6 7. Qb3 Qb6 8. Nxg6 hxg6 9. c5 Qxb3 10. axb3 Nbd7 11. b4 Be7 12. b5 O-O 13. b4 a5 14.
bxc6 axb4 15. Rxa8 Rxa8 16. cxd7 bxc3 17. Bg2 Nxd7 18.
O-O Ra2 19. e4 Nf6 20. Bg5 dxe4 21. Rc1 c2 22. Bxf6 Bxf6 23. Bxe4 Bxd4 24. Rxc2 Rxc2 25. Bxc2 Bxc5 26. Kf1 Kf8 27. Ke2 Ke7 28. f3 Kd6 29. Kd3 Bg1 30. h3 g5 31. Bb3 f5 32. g4 fxg4 33.
hxg4 Ke5 34. Ke2 Bh2 35. Kd3 Kf4 36. Bxe6 Kxf3 37. Kc4 Bg1 38. Kb5 b6 39. Bc8 Kf4 40.
Bd7 1/2-1/2

[Event "*** SCC Grand Prix: Titled Tuesday Blitz"]
[Site "Chess.com"]
[Date "2020.06.23"]
[Round "1"]
[White "Azoulas1"]
[Black "OhanyanEminChess"]
[Result "0-1"]
[WhiteElo "2031"]
[BlackElo "2502"]
[TimeControl "180+1"]
[EndTime "10:03:59 PDT"]
[Termination "OhanyanEminChess won by resignation"]

1. e4 e5 2. Nf3 Nc6 3. Bc4 Nf6 4. d3 d5 5. exd5 Nxd5 6. O-O Be6 7. Re1 Bc5 8. c3 O-O 9. b4 Bb6 10. a4 a6 11. Ra2 f6 12. Qb3 Bf7 13. Nbd2 Nf4 14. Bxf7+ Rxf7 15. Ne4 Nxd3 16. Rd1 Nxc1 17. Rxd8+ Rxd8 18. Qc2 Nxa2 19. Qxa2 Rd1+ 0-1

[Event "*** SCC Grand Prix: Titled Tuesday Blitz"]
[Site "Chess.com"]
[Date "2020.06.23"]
[Round "1"]
[White "volcanoexplorer"]
[Black "vitnik2020"]
[Result "1-0"]
[WhiteElo "2611"]
[BlackElo "2299"]
[TimeControl "180+1"]
[EndTime "10:04:04 PDT"]
[Termination "volcanoexplorer won by resignation"]

1. e4 e5 2. Nf3 Nc6 3. Bc4 Bc5 4. O-O Nf6 5. d3 d6 6. c3 a5 7. a4 O-O 8. Nbd2 h6 9. Re1 Be6 10. h3 Bxc4 11. Nxc4 Ne7 12. d4 exd4 13. cxd4 Bb4 14. Bd2 d5 15. e5 Ne4 16. Bxb4 axb4 17. Ncd2 f5 18. exf6 Nxf6 19. Ne5 Nf5 20. Ndf3 Ne4 21. Qb3 Qd6 22. Rxe4 1-0

[Event "*** SCC Grand Prix: Titled Tuesday Blitz"]
[Site "Chess.com"]
[Date "2020.06.23"]
[Round "1"]
[White "floplover"]
[Black "ruslansezdbekov"]
[Result "0-1"]
[WhiteElo "2223"]
[BlackElo "2567"]
[TimeControl "180+1"]
[EndTime "10:04:17 PDT"]
[Termination "ruslansezdbekov won by resignation"]

1. d4 Nf6 2. c4 e6 3. Nc3 d5 4. Nf3 Be7 5. Bf4 O-O 6. e3 a6 7. Rc1 Nbd7 8. c5 Ne4 9. Nxe4 dxe4 10. Nd2 Nf6 11. Qc2 Qd5 12. Bc4 Qf5 13. Bxc7 Bd7 14. O-O Rac8 15. Bg3 Bc6 16. f3 Qg6 17. fxe4 Nxe4 18.
Bd3 f5 19. Bxe4 fxe4 20. Nc4 Bg5 21. Rxf8+ Rxf8 22. Re1 Qh6 23. Qd2 Bb5 24. Nd6 Bxe3+ 25. Qf2 Bxf2+ 26. Bxf2 Rxf2 27. Nxb5 Qd2 0-1

[Event "*** SCC Grand Prix: Titled Tuesday Blitz"]
[Site "Chess.com"]
[Date "2020.06.23"]
[Round "1"]
[White "KingCrusher275"]
[Black "GadimbayliA"]
[Result "0-1"]
[WhiteElo "2443"]
[BlackElo "2876"]
[TimeControl "180+1"]
[EndTime "10:04:24 PDT"]
[Termination "GadimbayliA won by resignation"]

1. e4 e5 2. Nf3 d5 3. exd5 e4 4. Nd4 Qxd5 5. Nb3 Nf6 6. Nc3 Qe5 7. Bc4 Bd6 8. Qe2 O-O 9. Nb5 Nc6 10. Nxd6 Qxd6 11.
O-O Ng4 12. g3 Bf5 13. d3 Rfe8 14. Bf4 Qg6 15. d4 a5 16. a4 Nb4 17. Rac1 c6 18. Rfd1 Nxh2 19. Kxh2 Bg4 20. f3 Bxf3 21. Qf2 Qh5+ 0-1

[Event "*** SCC Grand Prix: Titled Tuesday Blitz"]
[Site "Chess.com"]
[Date "2020.06.23"]
[Round "1"]
[White "NodariousBIG"]
[Black "ElusiveCat"]
[Result "1-0"]
[WhiteElo "2680"]
[BlackElo "2344"]
[TimeControl "180+1"]
[EndTime "10:04:29 PDT"]
[Termination "NodariousBIG won by resignation"]

1. e4 c5 2. c3 g6 3. d4 cxd4 4. cxd4 d5 5. exd5 Nf6 6. Nc3 Nxd5 7. Qb3 Nxc3 8. Bc4 e6 9. bxc3 Be7 10. Bh6 Bg5 11. Qb5+ Bd7 12. Qxg5 Qc7 13. Qc5 Nc6 14. Ne2 b6 15. Qg5 Nxd4 16. cxd4 Qxc4 17. Qf6 Rg8 18. O-O Qb4 19. d5 exd5 20. Nd4 Bg4 21. Rfe1+ Kd7 22. Qxf7+ 1-0

[Event "*** SCC Grand Prix: Titled Tuesday Blitz"]
[Site "Chess.com"]
[Date "2020.06.23"]
[Round "1"]
[White "willc-h99"]
[Black "Indianlad"]
[Result "0-1"]
[WhiteElo "2459"]
[BlackElo "2969"]
[TimeControl "180+1"]
[EndTime "10:04:31 PDT"]
[Termination "Indianlad won by resignation"]

1. c4 e5 2. g3 Nf6 3. Bg2 Nc6 4. Nc3 Bc5 5. e3 a6 6. Nge2 Ba7 7. O-O d6 8. d4 h5 9. h3 Bf5 10. Bxc6+ bxc6 11. dxe5 Nd7 12. exd6 Bxh3 13. Re1 Ne5 14. Nf4 Bg4 15. Qa4 O-O 16. dxc7 Qxc7 17. Rf1 h4 18. gxh4 Nf3+ 19. Kg2 Rad8 20. Ne4 Ne5 21. f3 Bf5 22.
Ng3 Bd3 23. Nxd3 Nxd3 24. Bd2 Nxb2 25. Qc2 Nxc4 26. Qxc4 Rxd2+ 27. Rf2 Rxf2+ 28. Kxf2 Bxe3+ 29. Kxe3 Qxg3 30. Qxc6 Qe5+ 0-1

[Event "*** SCC Grand Prix: Titled Tuesday Blitz"]
[Site "Chess.com"]
[Date "2020.06.23"]
[Round "1"]
[White "JozefKneht"]
[Black "Jumbo"]
[Result "0-1"]
[WhiteElo "2436"]
[BlackElo "2848"]
[TimeControl "180+1"]
[EndTime "10:04:33 PDT"]
[Termination "Jumbo won by resignation"]

1. e4 c5 2. Nf3 d6 3. d4 cxd4 4. Nxd4 Nf6 5. Nc3 Nc6 6. Bg5 e6 7. Qd2 a6 8. O-O-O Bd7 9. f4 Be7 10. Nf3 b5 11. Bd3 b4 12. Ne2 h6 13. Bh4 Qb6 14.
e5 dxe5 15. fxe5 Nd5 16. Bxe7 Ncxe7 17. Ned4 a5 18. g4 a4 19. g5 a3 20. Bc4 axb2+ 21. Kxb2 Qa5 22. Ne2 Qa3+ 23. Kb1 Qxf3 0-1

[Event "*** SCC Grand Prix: Titled Tuesday Blitz"]
[Site "Chess.com"]
[Date "2020.06.23"]
[Round "1"]
[White "Gordima"]
[Black "Tsyhanchuk_Stanislav"]
[Result "1-0"]
[WhiteElo "2738"]
[BlackElo "2385"]
[TimeControl "180+1"]
[EndTime "10:04:36 PDT"]
[Termination "Gordima won by checkmate"]

1. d4 Nf6 2. c4 c6 3. Nf3 d5 4. e3 g6 5. Nc3 Bg7 6. Be2 O-O 7. O-O b6 8. b4 Bb7 9. a4 Nbd7 10. Ba3 Rc8 11. Qb3 Re8 12. Rac1 e5 13.
cxd5 cxd5 14. Nb5 e4 15. Nd2 Bf8 16. Nxa7 Ra8 17. Nc6 Bxc6 18. Rxc6 h5 19. Rfc1 h4 20. h3 Nh7 21. Qxd5 Rxa4 22. Rxg6+ Kh8 23. Qxf7 Rxa3 24. Qg8# 1-0

[Event "*** SCC Grand Prix: Titled Tuesday Blitz"]
[Site "Chess.com"]
[Date "2020.06.23"]
[Round "1"]
[White "Onischuk_V"]
[Black "Chesstrainer1"]
[Result "1-0"]
[WhiteElo "2860"]
[BlackElo "2441"]
[TimeControl "180+1"]
[EndTime "10:04:40 PDT"]
[Termination "Onischuk_V won on time"]

1. e4 c5 2. Nf3 e6 3. b3 b6 4. Bb2 Bb7 5. Nc3 Nf6 6. e5 Nd5 7. Nxd5 Bxd5 8. Bd3 Be7 9. O-O O-O 10. c4 Bb7 11. Qe2 f5 12. exf6 Bxf6 13. Bxf6 1-0

[Event "*** SCC Grand Prix: Titled Tuesday Blitz"]
[Site "Chess.com"]
[Date "2020.06.23"]
[Round "1"]
[White "Raja3401"]
[Black "SavelievAlexei"]
[Result "1-0"]
[WhiteElo "2806"]
[BlackElo "2410"]
[TimeControl "180+1"]
[EndTime "10:04:44 PDT"]
[Termination "Raja3401 won by resignation"]

1. e4 d6 2. d4 Nf6 3. Nc3 e5 4. dxe5 dxe5 5. Qxd8+ Kxd8 6. Bc4 Be6 7. Bxe6 fxe6 8. f3 Bd6 9. Be3 a6 10. Nh3 Nbd7 11.
Nf2 Ke7 12. Nd3 b5 13. a4 c6 14. Ke2 Rhb8 15. Ra2 b4 16. Nb1 b3 17. cxb3 Rxb3 18. Nd2 Rb7 19. Rc1 Rc8 20. Nc4 h6 21. Na5 Rbc7 22.
b4 c5 23. b5 c4 24. Nf2 Bb4 25. Nc6+ Rxc6 26. bxc6 Rxc6 27. Rac2 c3 28. Nd1 1-0

[Event "*** SCC Grand Prix: Titled Tuesday Blitz"]
[Site "Chess.com"]
[Date "2020.06.23"]
[Round "1"]
[White "SamuelGhimpu2003"]
[Black "PauloCesarCosta_sad"]
[Result "1-0"]
[WhiteElo "2606"]
[BlackElo "2268"]
[TimeControl "180+1"]
[EndTime "10:04:45 PDT"]
[Termination "SamuelGhimpu2003 won on time"]

1. f4 d6 2. Nf3 Bg4 3. e4 Nc6 4. h3 Bxf3 5. Qxf3 g6 6. c3 e5 7. Bc4 Bg7 8. O-O Nf6 9. d3 O-O 10. Bb3 Na5 11. fxe5 dxe5 12. Bg5 Nxb3 13. axb3 a6 14. Nd2 Qd6 15. Bxf6 Bxf6 16. Qxf6 Qxd3 17. Rad1 Rad8 18. Qxe5 Qe2 19. Qf4 1-0

[Event "*** SCC Grand Prix: Titled Tuesday Blitz"]
[Site "Chess.com"]
[Date "2020.06.23"]
[Round "1"]
[White "WonderChampion"]
[Black "dpruess"]
[Result "1-0"]
[WhiteElo "2025"]
[BlackElo "2475"]
[TimeControl "180+1"]
[EndTime "10:04:50 PDT"]
[Termination "WonderChampion won by resignation"]

1. d4 d5 2. Bg5 h6 3. Bh4 c6 4. Nf3 Qb6 5. Qc1 Bg4 6. Nbd2 Nd7 7. e3 e6 8. Bd3 Bd6 9. O-O Qc7 10. Bg3 Bxg3 11.
fxg3 e5 12. dxe5 Nxe5 13. Nxe5 Qxe5 14. Nf3 Qe7 15. Re1 Nf6 16. c4 O-O 17. cxd5 Nxd5 18.
Bc4 Rad8 19. e4 Nb4 20. Qc3 Qc5+ 21. Kh1 b5 22. Bxf7+ 1-0

[Event "*** SCC Grand Prix: Titled Tuesday Blitz"]
[Site "Chess.com"]
[Date "2020.06.23"]
[Round "1"]
[White "Warre"]
[Black "Konavets"]
[Result "0-1"]
[WhiteElo "2463"]
[BlackElo "3019"]
[TimeControl "180+1"]
[EndTime "10:04:52 PDT"]
[Termination "Konavets won by resignation"]

1. d4 Nf6 2. Nf3 e6 3. c4 d5 4. g3 Bb4+ 5. Bd2 Be7 6. Bg2 O-O 7.
O-O Nbd7 8. Qc2 Ne4 9. Nc3 Nxd2 10. Nxd2 c6 11. e4 dxc4 12. Nxc4 Nb6 13. Nxb6 Qxb6 14. Rfd1 e5 15. dxe5 Qc5 16. Rac1 Qxe5 17. h3 Be6 18. a3 Rfd8 19. Rxd8+ Rxd8 20. Rd1 Rxd1+ 21. Qxd1 h5 22. h4 Bxa3 23. bxa3 Qxc3 24. Qxh5 Qxa3 25. Qe5 Qc1+ 26.
Kh2 Qd2 27. Qb8+ Kh7 28. Qxa7 b5 29. Bh3 b4 30. Bxe6 fxe6 31. Qc5 b3 32. Qxc6 Qxf2+ 33. Kh3 Qf1+ 34. Kg4 b2 0-1

[Event "*** SCC Grand Prix: Titled Tuesday Blitz"]
[Site "Chess.com"]
[Date "2020.06.23"]
[Round "1"]
[White "mohssenbinaddi"]
[Black "serhanberat_ozdemir"]
[Result "0-1"]
[WhiteElo "2139"]
[BlackElo "2521"]
[TimeControl "180+1"]
[EndTime "10:04:53 PDT"]
[Termination "serhanberat_ozdemir won on time"]

1. Nf3 Nf6 2. g3 g6 3. Bg2 Bg7 4. d4 O-O 5. O-O d6 6. c4 c6 7.
Nc3 Qa5 8. e4 e5 9. c5 exd4 10.
Nxd4 dxc5 11. Nb3 Qb4 12. a3 Qc4 13. Be3 b6 0-1

[Event "*** SCC Grand Prix: Titled Tuesday Blitz"]
[Site "Chess.com"]
[Date "2020.06.23"]
[Round "1"]
[White "Hikaru"]
[Black "Kapitan_Bayan"]
[Result "1-0"]
[WhiteElo "3227"]
[BlackElo "2468"]
[TimeControl "180+1"]
[EndTime "10:04:55 PDT"]
[Termination "Hikaru won by resignation"]

1. Nf3 Nf6 2. b3 e6 3. Bb2 d5 4. e3 Be7 5. d4 O-O 6. Bd3 c5 7. O-O b6 8. dxc5 bxc5 9. c4 Nc6 10. cxd5 exd5 11. Nbd2 Nb4 12. Be2 Bf5 13. Ne1 a5 14. a3 Nc6 15. Rc1 Qb6 16. Bd3 Bg4 17. Qc2 h6 18. Bxf6 Bxf6 19. h3 Be6 20. Qxc5 Qxc5 21. Rxc5 Ne5 22. a4 Be7 23. Rb5 Bb4 24. Ndf3 Nxd3 25.
Nxd3 Rab8 26. Rxb8 Rxb8 27. Nxb4 Rxb4 28. Nd4 Rb6 29. Rc1 Kf8 30. Rc5 Ra6 31. Rc6 Ra8 32.
Nxe6+ fxe6 33. Rxe6 Rb8 34. Rd6 Rxb3 35. Rxd5 Rb1+ 36.
Kh2 Rb2 37. Kg3 1-0